 Dungeon Crawl Stone Soup version 0.28.0-43-g3370ac3207 (webtiles) character file.

Game seed: 6395161625811008602

1400 smarlow the Skirmisher (level 8, -11/80 HPs)
             Began as a Deep Dwarf Fighter on Mar 8, 2022.
             Mangled by a two-headed ogre
             ... wielding a +0 giant club
              (18 damage)
             ... on level 5 of the Dungeon.
             The game lasted 00:10:47 (3230 turns).

smarlow the Skirmisher (Deep Dwarf Fighter)         Turns: 3230, Time: 00:10:48

Health: -11/80     AC:  9    Str: 21    XL:     8   Next: 41%
Magic:  6/6        EV: 10    Int: 10    God:
Gold:   463        SH:  5    Dex: 12    Spells: 7/7 levels left

rFire   . . .      SeeInvis .   a - +0 war axe
rCold   + . .      Faith    .   c - +0 buckler
rNeg    . . .      Spirit   .   n - +1 ring mail {rC+}
rPois   .          Reflect  .   i - +1 helmet
rElec   .          Harm     .   (no cloak)
rCorr   .          Rampage  .   (no gloves)
Will    +....                   (no boots)
Stlth   +.........              (no amulet)
HPRegen 0.00/turn               (no ring)
MPRegen 0.10/turn               (no ring)

@: no status effects
A: damage resistance, heal wounds, sense surroundings 1, no regeneration
a: Heal Wounds


You were on level 5 of the Dungeon.
You visited 1 branch of the dungeon, and saw 5 of its levels.
You also visited: Ossuary.

You collected 463 gold pieces.

Inventory:

Hand Weapons
 a - a +0 war axe (weapon)
Armour
 b - a +0 scale mail
 c - a +0 buckler (worn)
 i - a +1 helmet (worn)
 n - a +1 ring mail of cold resistance (worn)
Wands
 o - a wand of charming (7)
 s - a wand of digging (5)
Scrolls
 d - 3 scrolls of teleportation
 e - a scroll of identify
 f - a scroll of vulnerability
 j - a scroll of holy word {unknown}
 k - 5 scrolls of fear
 r - a scroll of torment {unknown}
Potions
 g - 2 potions of ambrosia
 h - a potion of invisibility {unknown}
 l - 3 potions of lignification
 m - a potion of cancellation
 p - a potion of heal wounds {unknown}
 q - 3 potions of curing


   Skills:
 * Level 7.2 Fighting
 + Level 6.0 Axes
 - Level 5.2 Armour
 - Level 5.2 Shields


You had 7 spell levels left.
You didn't know any spells.
Your spell library contained the following spells:

 Spells                   Type           Power      Damage    Failure   Level
 Beastly Appendage        Tmut           0%         N/A       61%         1
 Pain                     Necr           0%         1d4       61%         1
 Wereblood                Tmut           0%         N/A       75%         2
 Spider Form              Tmut/Pois      0%         N/A       93%         3
 Agony                    Necr           0%         N/A       100%        5
 Excruciating Wounds      Necr           0%         N/A       100%        5
 Fireball                 Conj/Fire      0%         3d3       100%        5
 Iskenderun's Battlesphe  Conj           0%         2d6       100%        5
 Conjure Ball Lightning   Conj/Air       0%         3x3d6     100%        6
 Orb of Destruction       Conj           0%         9d5       100%        7


Dungeon Overview and Level Annotations

Branches:
Dungeon (5/15)            Ossuary (visited)
 Temple: D:4-7

Altars:
Wu Jian


Innate Abilities, Weirdness & Mutations

You are resistant to damage.
You can heal yourself by infusing magical energy.
You passively map a small area around you.
You do not regenerate.


Message History

There is a stone staircase leading down here.
Found a chain mail.
An iguana comes into view.
An iguana is nearby!
You are too injured to fight recklessly!
The iguana barely misses you.
You slash the iguana!
The iguana is heavily wounded.
The iguana bites you.
* * * LOW HITPOINT WARNING * * *
You barely miss the iguana.
The iguana is heavily wounded.
The iguana barely misses you.
You hit the iguana.
The iguana is severely wounded.
The iguana closely misses you. You block the iguana's attack.
You slash the iguana!
You kill the iguana!
Your Axes skill increases to level 6!
You feel much better.
Found a stone staircase leading down.
There is a stone staircase leading down here.
There is a stone staircase leading down here.
A two-headed ogre comes into view. It is wielding two +0 giant clubs.
The two-headed ogre shouts in stereo!
The two-headed ogre hits you with a +0 giant club!
The two-headed ogre barely misses you.
You barely miss the two-headed ogre.
The two-headed ogre hits you with a +0 giant club!!
* * * LOW HITPOINT WARNING * * *
The two-headed ogre hits you with a +0 giant club!
* * * LOW HITPOINT WARNING * * *
Okay, then.
You feel much better.
You slash the two-headed ogre!
The two-headed ogre is moderately wounded.
The two-headed ogre hits you with a +0 giant club!!
* * * LOW HITPOINT WARNING * * *
The two-headed ogre hits you with a +0 giant club!!
You die...

..#
#.###.###.##................
..# #.#
#.....#######........... ..#
#.# #.......# #...........
..# #.# #.......#
#........... ..# #.#
#.......# #........... ,,*
#<# #.......#####...........
,,* ###
#....................... ,,*
#....................... ,,*
#......@................ ***
#.....O.#####...........
#.......# #...........
#.......# #...........
#.......# #...........
#.......# ########.###
******* ########## #.>..
......* #....# ##### ......*
#.##.#


You could see a two-headed ogre.

Vanquished Creatures
  Pikel (D:5)
  2 water moccasins (D:5)
  An ogre (D:2)
  A phantom (D:4)
  A howler monkey (D:4)
  2 hounds (D:5)
  2 centaur zombies (D:5)
  A gnoll shaman (D:4)
  Jessica (D:2)
  3 iguanas
  An orc wizard (D:4)
  Ijyb (D:5)
  8 mummies (Ossuary)
  Robin (D:2)
  3 adders
  A dart slug (D:2)
  15 orcs
  6 ball pythons
  8 endoplasms
  A giant cockroach (D:3)
  17 goblins
  14 hobgoblins
  4 quokkas
  8 bats
  A frilled lizard (D:1)
  3 gnoll zombies (Ossuary)
  2 goblin zombies (D:5)
  A hobgoblin zombie (Ossuary)
  7 kobolds
  4 kobold zombies (Ossuary)
  5 rats
126 creatures vanquished.

Notes
Turn   | Place    | Note
-------+----------+-------------------------------------------
     0 | D:1      | smarlow the Deep Dwarf Fighter began the quest for the Orb.
     0 | D:1      | Reached XP level 1. HP: 20/20 MP: 1/1
   228 | D:1      | Reached XP level 2. HP: 27/27 MP: 2/2
   290 | D:1      | Reached skill level 3 in Fighting
   365 | D:1      | Found a faded altar of an unknown god.
  1004 | D:2      | You fall into a shaft and drop 2 floors!
  1041 | D:3      | Reached XP level 3. HP: 32/34 MP: 3/3
  1046 | D:2      | Noticed Jessica
  1050 | D:2      | Killed Jessica
  1088 | D:2      | Reached XP level 4. HP: 34/42 MP: 4/4
  1246 | D:2      | Noticed Robin
  1251 | D:2      | Noticed an ogre
  1262 | D:2      | Killed Robin
  1269 | D:2      | Killed an ogre
  1270 | D:2      | Reached skill level 4 in Fighting
  1270 | D:2      | Reached XP level 5. HP: 14/50 MP: 5/5
  2289 | D:4      | Reached XP level 6. HP: 40/58 MP: 5/5
  2400 | D:4      | Found an ornate altar of the Wu Jian Council.
  2444 | D:5      | Entered Level 5 of the Dungeon
  2630 | D:5      | Reached skill level 5 in Fighting
  2639 | D:5      | Reached XP level 7. HP: 56/67 MP: 6/6
  2665 | D:5      | Reached skill level 5 in Armour
  2665 | D:5      | Reached skill level 5 in Shields
  2690 | D:5      | Found a sand-covered staircase.
  2699 | Ossuary  | Entered an ossuary
  3057 | D:5      | Noticed Ijyb
  3068 | D:5      | Killed Ijyb
  3069 | D:5      | Reached skill level 6 in Fighting
  3069 | D:5      | Reached skill level 5 in Axes
  3080 | D:5      | Noticed Pikel
  3098 | D:5      | Killed Pikel
  3099 | D:5      | Reached skill level 7 in Fighting
  3099 | D:5      | Reached XP level 8. HP: 25/80 MP: 6/6
  3224 | D:5      | Noticed a two-headed ogre
  3230 | D:5      | Mangled by a two-headed ogre

Illustrated notes

Levels and vault maps discovered:
D:1:      heliophobic_arrival_ceremonial_halls, layout_loops_corners,
          nicolae_ecumenical_lake_church
D:2:      layout_basic, uniq_jessica, uniq_robin
D:3:      layout_basic, kennysheep_generic_room_16
D:4:      layout_rooms, marbit_many_paths, serial_curves, eino_curves_04,
          eino_curves_03, eino_curves_04
D:5:      layout_basic, enter_ossuary_4, uniq_ijyb, uniq_pikel

Skill      XL: |  1  2  3  4  5  6  7  8 |
---------------+-------------------------+-----
Fighting       | 3 4 5 7 |  7.2
Axes           | 3 4 5 6 |  6.0
Armour         | 4 5 |  5.2
Shields        | 4 5 |  5.2

Action                   |  1- 3 |  4- 6 |  7- 9 || total
-------------------------+-------+-------+-------++-------
Melee: War axe           |    78 |   210 |   110 ||   398
 Abil: Heal Wounds       |       |     3 |     4 ||     7
  Use: Scroll            |       |     4 |     2 ||     6
       Potion            |       |     2 |     3 ||     5
Armor: Scale mail        |    41 |    45 |       ||    86
       Ring mail         |       |    53 |    46 ||    99
Dodge: Dodged            |    41 |    98 |    84 ||   223
Block: Buckler           |    22 |    52 |    25 ||    99
